 Dungeon Crawl Stone Soup version 0.32-a0-42-ga30500b4d3 (webtiles) character file.

Game seed: 12240954166510039464

823 lunkers the Reanimator (level 7, -5/46 HPs)
             Began as a Vampire Necromancer on Jan 30, 2024.
             Slain by Menkaure (17 damage)
             ... on level 4 of the Dungeon.
             The game lasted 00:08:02 (3101 turns).

lunkers the Reanimator (Vampire Necromancer)        Turns: 3101, Time: 00:08:02

Health: -5/46      AC:  7    Str:  7    XL:     7   Next: 64%
Magic:  14/14      EV: 15    Int: 20    God:
Gold:   237        SH:  0    Dex: 14    Spells: 2/15 levels left

rFire   . . .        s - +0 dagger (venom)
rCold   . . .        (no shield)
rNeg    . . .        t - +2 ring mail {rPois}
rPois   +            (no helmet)
rElec   .            (no cloak)
rCorr   +            (no gloves)
SInv    +            (no boots)
Will    .....        g - amulet of magic regeneration
Stlth   ++           e - ring of resist corrosion
HPRegen 0.47/turn    p - +5 ring of evasion
MPRegen 0.54/turn

%: no passive effects
@: healing quickly, studying Short Blades
A: alive, fangs 3, see invisible, vampiric 2
a: Exsanguinate


You were on level 4 of the Dungeon.
You visited 1 branch of the dungeon, and saw 4 of its levels.

You collected 237 gold pieces.

Inventory:

Hand Weapons
 k - a +0 rapier
 l - a +0 dagger
 m - a +2 spear of venom
 s - a +0 dagger of venom (weapon)
Armour
 a - a +0 robe
 n - a +0 robe of willpower
 t - a +2 ring mail of poison resistance (worn)
Jewellery
 c - an amulet of faith
 e - a ring of resist corrosion (left hand)
 g - an amulet of magic regeneration (around neck)
 p - a +5 ring of evasion (right hand)
Scrolls
 f - a scroll of noise
 j - a scroll of identify
 q - a scroll of blinking {unknown}
 r - a scroll of teleportation {unknown}
Potions
 b - a potion of magic
 d - a potion of enlightenment
 h - a potion of curing {unknown}
 o - a potion of might {unknown}


   Skills:
 - Level 2.1 Dodging
 - Level 3.0 Stealth
 + Level 4.9 Spellcasting
 * Level 8.9 Necromancy


You had 2 spell levels left.
You knew the following spells:

 Your Spells              Type           Power      Damage    Failure   Level
a - Necrotise             Necr           100%       1d9       1%          1
b - Vampiric Draining     Necr           40%        2d8       3%          3
c - Animate Dead          Necr           40%        N/A       11%         4
d - Curse of Agony        Necr           40%        N/A       28%         5

Your spell library contained the following spells:

 Spells                   Type           Power      Damage    Failure   Level
 Scorch                   Fire           8%         2d5       54%         2
 Flame Wave               Conj/Fire      4%         2d5       99%         4
 Summon Cactus Giant      Summ           2%         N/A       100%        6


Dungeon Overview and Level Annotations

Branches:
Dungeon (4/15)
 Temple: D:4-7

Altars:
Xom

Shops:
D:1 (

Annotations:
D:4 Menkaure


Innate Abilities, Weirdness & Mutations

Your natural rate of healing is accelerated.
You have razor-sharp teeth.
You have supernaturally acute eyesight. (SInv)
You are afflicted with vampirism and can become a bat while bloodless.


Message History

Menkaure misses you.
You hit Menkaure.
Menkaure is moderately damaged.
Menkaure hits you!
* * * LOW HITPOINT WARNING * * *
Unknown command.
You aren't carrying any items that you can evoke.
Unknown command.
You feel much better. Menkaure completely misses you.
Casting: Necrotise (safe; 1% risk of failure)
Confirm with . or Enter, or press ? or * to list all spells.
Okay, then.
You hit Menkaure.
Menkaure is moderately damaged.
Menkaure gestures at you while chanting.
Pain shoots through your body!
* * * LOW HITPOINT WARNING * * *
You barely miss Menkaure.
Menkaure is moderately damaged.
Menkaure hits you but does no damage.
Unknown command.
You barely miss Menkaure.
Menkaure is moderately damaged.
Menkaure barely misses you.
Menkaure points at you and mumbles some strange words.
Pain shoots through your body!
* * * LOW HITPOINT WARNING * * *
Unknown command.
You completely miss Menkaure.
Menkaure is moderately damaged.
Menkaure barely misses you.
Unknown command.
You hit Menkaure.
Menkaure is moderately damaged.
Menkaure hits you.
* * * LOW HITPOINT WARNING * * *
You barely miss Menkaure.
Menkaure is moderately damaged.
Menkaure hits you!
You die...

...... .
#.........# .
#..........## .
#...........## ##.
##............###..
#.............##..#
#..................
#.M................
#.@...........####.
#.............# ##
#............##
##...........#
#..........##
###.......##
###..##.##
##...##..##
##...####..####


You could see Menkaure (fast).

Vanquished Creatures
  Sigmund (D:3)
  A phantom (D:3)
  A scorpion (D:4)
  3 killer bees (D:4)
  A hound (D:4)
  2 sleepcaps (D:3)
  Jessica (D:3)
  Natasha (thrice) (D:3)
  An orc wizard (D:4)
  6 adders
  5 dart slugs
  2 ribbon worms
  6 orcs
  7 endoplasms
  3 giant cockroaches
  5 goblins
  6 hobgoblins
  6 jackals
  3 quokkas
  6 ball pythons
  12 bats
  A frilled lizard (D:1)
  10 kobolds
  11 rats
103 creatures vanquished.

Vanquished Creatures (collateral kills)
  A dart slug (D:1)
  An endoplasm (D:1)
  2 ball pythons
  A bat (D:3)
  A frilled lizard (D:1)
6 creatures vanquished.

Grand Total: 109 creatures vanquished

Notes
Turn   | Place    | Note
-------+----------+-------------------------------------------
     0 | D:1      | lunkers the Vampire Necromancer began the quest for the
                  | Orb.
     0 | D:1      | Reached XP level 1. HP: 13/13 MP: 3/3
   136 | D:1      | Reached XP level 2. HP: 19/19 MP: 0/5
   288 | D:1      | Found Zojayh's Weapon Boutique.
   363 | D:1      | Reached skill level 5 in Necromancy
   515 | D:1      | Gained mutation: You are afflicted with vampirism and can
                  | become a bat while bloodless. [Vampire growth]
   515 | D:1      | Reached XP level 3. HP: 23/24 MP: 0/6
   525 | D:1      | Learned a level 3 spell: Vampiric Draining
   924 | D:2      | You fall into a shaft and drop 1 floor!
   974 | D:3      | Noticed Natasha
   984 | D:3      | Killed Natasha
   985 | D:3      | Reached XP level 4. HP: 30/30 MP: 3/8
  1100 | D:3      | Noticed Natasha
  1104 | D:3      | Killed Natasha
  1125 | D:3      | Reached skill level 6 in Necromancy
  1157 | D:2      | Learned a level 4 spell: Animate Dead
  1428 | D:2      | Reached XP level 5. HP: 35/35 MP: 7/9
  1675 | D:3      | Noticed Sigmund
  1688 | D:3      | Killed Sigmund
  1689 | D:3      | Reached skill level 7 in Necromancy
  1689 | D:3      | Reached XP level 6. HP: 29/41 MP: 6/11
  1851 | D:3      | Noticed Jessica
  1854 | D:3      | Killed Jessica
  1867 | D:3      | Noticed Natasha
  1872 | D:3      | Killed Natasha
  1996 | D:3      | Found a faded altar of an unknown god.
  2022 | D:3      | Reached skill level 8 in Necromancy
  2022 | D:3      | Reached XP level 7. HP: 23/46 MP: 13/13
  2243 | D:3      | Found a shimmering altar of Xom.
  2397 | D:4      | Learned a level 5 spell: Curse of Agony
  3085 | D:4      | Noticed Menkaure
  3101 | D:4      | Slain by Menkaure

Illustrated notes

Levels and vault maps discovered:
D:1:      lightli_arrival_windingriver, layout_rooms, serial_shops,
          nicolae_shop_hallway_stairs, st_stairs_10, chequers_arboretum
D:2:      minmay_alternating_diamond, layout_basic
D:3:      layout_basic, lemuel_round_altar, ebering_ecumenical_altar_petrified,
          grunt_ministairs_15, hellmonk_no_cap, uniq_sigmund, uniq_jessica,
          uniq_natasha
D:4:      layout_cave_pods, minmay_manual_monstrance, uniq_menkaure

Skill      XL: |  1  2  3  4  5  6 |
---------------+-------------------+-----
Necromancy     | 5 6 7 8 |  8.9
Spellcasting   | 3 4 |  4.9
Dodging        | |  2.1
Stealth        | |  3.0

Action                     |  1- 3 |  4- 6 |  7- 9 || total
---------------------------+-------+-------+-------++-------
  Melee: Unarmed           |    25 |       |       ||    25
         Bite              |     4 |     4 |       ||     8
         Spear             |       |    29 |     4 ||    33
         Dagger            |       |       |    15 ||    15
   Cast: Necrotise         |    58 |    86 |    58 ||   202
    Use: Scroll            |       |     6 |       ||     6
         Potion            |       |       |     1 ||     1
   Stab: Distracted        |     1 |       |       ||     1
 Armour: Robe              |    24 |    29 |     9 ||    62
         Ring mail         |       |       |     9 ||     9
  Dodge: Dodged            |    34 |    27 |    29 ||    90

Table legend: (Time is in decaauts)
 A = Elapsed time spent in this place.
 B = Non-inter-level travel time spent in this place.
 C = Inter-level travel time spent in this place.
 D = Time resting spent in this place.
 E = Time spent auto-exploring this place.
 F = Levels seen in this place.
 G = Mean time per level.
                   A        B        C        D        E       F      G
               +--------+--------+--------+--------+--------+-----+--------+
         Total |   3106 |   3046 |     60 |      0 |   2378 |   4 |  776.5 |
       Dungeon |   3106 |   3046 |     60 |      0 |   2378 |   4 |  776.5 |
               +--------+--------+--------+--------+--------+-----+--------+

Top non-repeatable levels by time:
     D:3: 945 daAuts
     D:1: 909 daAuts
     D:4: 724 daAuts
     D:2: 527 daAuts
